 Dungeon Crawl Stone Soup version 0.31-a0-557-g6e16503903 (webtiles) character file.

Game seed: 8173110552489240524

920 randomguy2701 the Reanimator (level 7, -1/36 HPs)
             Began as a Deep Elf Necromancer on Aug 16, 2023.
             Was an Initiate of Sif Muna.
             Slain by Prince Ribbit (18 damage)
             ... on level 5 of the Dungeon.
             The game lasted 00:10:40 (5665 turns).

randomguy2701 the Reanimator (Deep Elf Necromancer) Turns: 5665, Time: 00:10:44

Health: -1/36      AC:  3    Str:  5    XL:     7   Next: 83%
Magic:  11/20      EV: 12    Int: 22    God:    Sif Muna [......]
Gold:   278        SH:  0    Dex: 15    Spells: 17/22 levels left

rFire   . . .        F - staff of air
rCold   . . .        (no shield)
rNeg    . . .        C - +0 troll leather armour {Pargi}
rPois   .            (no helmet)
rElec   +            (no cloak)
rCorr   .            (no gloves)
SInv    .            (no boots)
Will    .....        d - amulet of regeneration
Stlth   ++           (no ring)
HPRegen 1.86/turn    (no ring)
MPRegen 0.17/turn

%: no passive effects
@: no status effects
A: no striking features
a: Renounce Religion


You were on level 5 of the Dungeon.
You worshipped Sif Muna.
Sif Muna was noncommittal.
You visited 2 branches of the dungeon, and saw 6 of its levels.
You also visited: Sewer.

You collected 278 gold pieces.

Inventory:

Hand Weapons
 s - the +11 mace "Elonah" {venom, rF++ rC+ Will- Int+4}
   (You found it on level 3 of the Dungeon)

   Int+4:     It affects your intelligence (+4).
   rF++:      It greatly protects you from fire.
   rC+:       It protects you from cold.
   Will-:     It decreases your willpower.
Missiles
 k - 2 throwing nets
Armour
 a - a +0 robe
 C - a +0 troll leather armour (worn) {Pargi}
Magical Staves
 F - a staff of air (weapon)
Jewellery
 d - an amulet of regeneration (around neck)
 q - a +4 ring of protection
 z - an amulet of reflection
Wands
 D - a wand of acid (1)
 G - a wand of flame (32)
Scrolls
 e - 6 scrolls of identify {unknown}
 f - 2 scrolls of revelation {unknown}
 g - 3 scrolls of vulnerability {unknown}
 i - a scroll of fog {unknown}
 j - 3 scrolls of amnesia {unknown}
 l - a scroll of enchant weapon {unknown}
 m - a scroll of torment {unknown}
 v - 2 scrolls of noise {unknown}
 x - a scroll of poison {unknown}
 y - a scroll of brand weapon {unknown}
 A - a scroll of enchant armour {unknown}
 B - a scroll of fear {unknown}
 E - a scroll of teleportation {unknown}
Potions
 b - 2 potions of magic
 c - a potion of brilliance {unknown}
 h - 2 potions of curing {unknown}
 n - a potion of degeneration {unknown}
 o - a potion of heal wounds {unknown}
 p - 2 potions of mutation {unknown}
 r - a potion of enlightenment {unknown}
 t - a potion of might {unknown}
 u - a potion of haste {unknown}
 w - a potion of cancellation {unknown}


   Skills:
 - Level 0.1 Fighting
 + Level 2.9 Dodging
 + Level 3.0 Stealth
 + Level 8.1 Spellcasting
 + Level 8.8 Necromancy
 * Level 0.9 Air Magic
 * Level 2.0 Invocations


You had 17 spell levels left.
You knew the following spells:

 Your Spells              Type           Power      Damage    Failure   Level
a - Necrotise             Necr           100%       1d9       1%          1
b - Vampiric Draining     Necr           47%        2d9       1%          3
c - Shock                 Conj/Air       64%        1d7       11%         1

Your spell library contained the following spells:

 Spells                   Type           Power      Damage    Failure   Level
 Animate Dead             Necr           47%        N/A       3%          4
 Agony                    Necr           47%        N/A       9%          5
 Swiftness                Air            19%        N/A       26%         3
 Volatile Blastmotes      Fire/Tloc      16%        2d11      36%         3
 Airstrike                Air            9%         2d(2-18)  63%         4
 Fulminant Prism          Conj/Hex       4%         3d5       77%         4
 Iskenderun's Mystic Bla  Conj/Tloc      8%         2d4       77%         4


Dungeon Overview and Level Annotations

Branches:
Dungeon (5/15)             Temple (1/1) D:4           Sewer (visited)

Altars:
Ashenzari
Elyvilon
Fedhas
Gozag
Hepliaklqana
Kikubaaqudgha
Makhleb
Okawaru
Qazlal
Ru
Sif Muna
Trog
Uskayaw
Xom
Zin

Shops:
D:1 !

Annotations:
D:5 Menkaure, Prince Ribbit


Message History

Menkaure shouts!
A hound comes into view.
A hound is nearby!
The hound writhes in agony.
The hound writhes in agony.
The hound writhes in agony.
The hound closely misses you. The hound bites you but does no damage.
The hound writhes in agony!
You kill the hound!
Sif Muna accepts your kill.
The dead are walking!
You can't see any susceptible monsters within range! (Use Z to cast anyway.)
You can't see any susceptible monsters within range! (Use Z to cast anyway.)
You swap places.
Your hound skeleton crumbles into dust!
G - a wand of flame (32) (gained 12 charges) Prince Ribbit comes into view.
Prince Ribbit is nearby!
Prince Ribbit is nearby!
You can't see any susceptible monsters within range! (Use Z to cast anyway.) Prince Ribbit writhes in agony.
Prince Ribbit struggles to resist.
Prince Ribbit writhes in agony.
Prince Ribbit hits you!
Prince Ribbit writhes in agony.
Prince Ribbit closely misses you.
Casting: Necrotise (safe; 1% risk of failure)
Confirm with . or Enter, or press ? or * to list all spells.
Aiming: Vampiric Draining (safe; 1% risk of failure)
Press: ? - help, Shift-Dir - straight line, f/p - Prince Ribbit
Aim: Prince Ribbit (moderately wounded)
You draw life force from Prince Ribbit!
You feel life coursing into your body! Prince Ribbit hits you.
Casting: Vampiric Draining (safe; 1% risk of failure)
Confirm with . or Enter, or press ? or * to list all spells.
Aiming: Vampiric Draining (safe; 1% risk of failure)
Press: ? - help, Shift-Dir - straight line, f/p - Prince Ribbit
Aim: Prince Ribbit (severely wounded)
You draw life force from Prince Ribbit.
You feel life coursing into your body. Prince Ribbit hits you!
Prince Ribbit hits you!!
Ouch! That really hurt!
You die...

####.# #.###.#. #.#
#....... #.########
#####.## #.#......# #.##
#.#......## ##...
#.#........ #....
#.#......# #....
#####.#F.....#.#####..##
#.....#@.....#.#......##
#......!#####....#.....#
#..####.# #.....#.....#
#.. #.# #.....<..(..# #.
#.# #.....#.....# ## #.#
.......#.....# #.#
############## ... ..


You could see Prince Ribbit.

Vanquished Creatures
  A black bear (D:5)
  Pargi (Sewer)
  3 ogres
  3 hounds
  Terence (D:3)
  An orc wizard (D:3)
  9 gnolls
  8 adders
  3 river rats (D:5)
  2 ufetubi (D:5)
  7 worms
  5 dart slugs
  5 orcs
  7 bats
  5 endoplasms
  5 giant cockroaches
  4 goblins
  6 hobgoblins
  7 quokkas
  5 ball pythons
  A frilled lizard (Sewer)
  19 kobolds
  7 rats
115 creatures vanquished.

Vanquished Creatures (collateral kills)
  2 gnolls
  A worm (D:5)
  A dart slug (D:4)
  2 ball pythons (D:4)
  A goblin (D:1)
  A rat (D:3)
8 creatures vanquished.

Grand Total: 123 creatures vanquished

Notes
Turn   | Place    | Note
-------+----------+-------------------------------------------
     0 | D:1      | randomguy2701 the Deep Elf Necromancer began the quest for
                  | the Orb.
     0 | D:1      | Reached XP level 1. HP: 10/10 MP: 6/6
    37 | D:1      | Reached skill level 5 in Necromancy
   258 | D:1      | Reached XP level 2. HP: 15/15 MP: 5/8
   422 | D:1      | Found Wuschuydd's Distillery.
  1013 | D:1      | Reached XP level 3. HP: 7/19 MP: 4/9
  1480 | D:2      | Reached XP level 4. HP: 24/24 MP: 0/11
  2301 | D:3      | Found a shimmering altar of Xom.
  2302 | D:3      | Found a hazy altar of Hepliaklqana.
  2302 | D:3      | Noticed a will-o-the-wisp
  2303 | D:3      | Noticed a spectral ugly thing
  2303 | D:3      | Noticed a will-o-the-wisp
  2318 | D:3      | Reached XP level 5. HP: 21/28 MP: 6/13
  2399 | D:3      | Identified the +11 mace "Elonah" {venom, rF++ rC+ Will-
                  | Int+4}
  2439 | D:3      | Found an ancient bone altar of Kikubaaqudgha.
  2672 | D:3      | Noticed Terence
  2680 | D:3      | Killed Terence
  2907 | D:3      | Learned a level 3 spell: Vampiric Draining
  3023 | D:4      | Reached skill level 5 in Spellcasting
  3215 | D:4      | Found a burning altar of Makhleb.
  3299 | D:4      | Reached XP level 6. HP: 32/32 MP: 8/16
  3737 | D:4      | Found a staircase to the Ecumenical Temple.
  3739 | D:4      | Reached XP level 7. HP: 36/36 MP: 14/19
  4071 | D:4      | Found a blossoming altar of Fedhas.
  4344 | D:4      | Found a bloodstained altar of Trog.
  4344 | D:4      | Found an opulent altar of Gozag.
  4389 | Temple   | Entered the Ecumenical Temple
  4408 | Temple   | Became a worshipper of Sif Muna the Loreminder
  4441 | D:5      | Entered Level 5 of the Dungeon
  4539 | D:5      | Reached skill level 1 in Invocations
  4666 | D:5      | Found a sacrificial altar of Ru.
  4669 | D:5      | Found a white marble altar of Elyvilon.
  4676 | D:5      | Noticed Menkaure
  4744 | D:5      | Found a glowing drain.
  4834 | Sewer    | Entered a sewer
  4972 | Sewer    | Noticed Pargi
  4980 | Sewer    | Killed Pargi
  5326 | D:5      | Learned a level 1 spell: Shock
  5658 | D:5      | Noticed Prince Ribbit
  5665 | D:5      | Slain by Prince Ribbit

Illustrated notes

Levels and vault maps discovered:
D:1:      eino_arrival_tree_alley, layout_loops_ring, serial_shops, shop
D:2:      layout_basic
D:3:      layout_loops_cross, regret_index_temple_of_mockery,
          kiku_gazebo_pond_becter, due_unseen_surprise, uniq_terence
D:4:      layout_loops_cross, nicolae_overflow_crystal_walls,
          mainiacjoe_overflow_alcove_4, gammafunk_temple_overflow_elements,
          minmay_temple_entry_crystal_x, minmay_fractal_squares_5
D:5:      layout_loops_cross, nicolae_overflow_squiral, portal_sewer_entry_b,
          uniq_menkaure, uniq_prince_ribbit1
Temple:   nicolae_temple_bog_church

Skill      XL: |  1  2  3  4  5  6  7 |
---------------+----------------------+-----
Necromancy     | 5 6 7 8 |  8.8
Spellcasting   | 4 5 6 8 |  8.1
Stealth        | 3 |  3.0
Invocations    | 2 |  2.0
Fighting       | |  0.1
Dodging        | |  2.9
Air Magic      | |  0.9

Action                     |  1- 3 |  4- 6 |  7- 9 || total
---------------------------+-------+-------+-------++-------
  Melee: Unarmed           |     2 |       |       ||     2
         Mace              |       |       |     2 ||     2
   Cast: Necrotise         |    59 |   138 |    90 ||   287
         Vampiric Draining |       |     3 |     8 ||    11
         Shock             |       |       |     2 ||     2
 Armour: Robe              |     7 |     1 |       ||     8
         Troll leather arm |       |       |     1 ||     1
  Dodge: Dodged            |    19 |    20 |    19 ||    58

Table legend: (Time is in decaauts)
 A = Elapsed time spent in this place.
 B = Non-inter-level travel time spent in this place.
 C = Inter-level travel time spent in this place.
 D = Time resting spent in this place.
 E = Time spent auto-exploring this place.
 F = Levels seen in this place.
 G = Mean time per level.
                   A        B        C        D        E       F      G
               +--------+--------+--------+--------+--------+-----+--------+
         Total |   5667 |   5367 |    300 |    140 |   4354 |   7 |  809.6 |
       Dungeon |   5343 |   5081 |    262 |    140 |   4136 |   5 | 1068.6 |
        Temple |     38 |      1 |     37 |      0 |      0 |   1 |   38.0 |
         Sewer |    284 |    284 |      0 |      0 |    218 |   1 |  284.0 |
               +--------+--------+--------+--------+--------+-----+--------+

Top non-repeatable levels by time:
     D:4: 1409 daAuts
     D:1: 1103 daAuts
     D:3: 1033 daAuts
     D:5: 942 daAuts
     D:2: 855 daAuts
   Sewer: 284 daAuts
  Temple: 38 daAuts
